Map: Eternal Empire LE

Players

INnoVation

  • Race: Terran Terran
  • League: Grandmaster
  • Spawn Location: 7:00

DPGCure (Cure) - Winner!

  • Race: Terran Terran
  • League: Master
  • Spawn Location: 1:00

Event: Shopify TSL 5

VOD

Have the link to the VOD?

Description

Time

  • Played on: May 24, 2020, 9:19 a.m.
  • Length: 12:35

All games in this series

Show
View Real Time Build Order
Export as new Build Order

INnoVation Terran 

Build Orders:  

Get SALT Encoding   

  12  0:00  SCV  
  13  0:12  SCV  
  14  0:17  Supply Depot  
  14  0:24  SCV  
  14  0:27  Refinery  
  15  0:38  SCV  
  16  0:44  Barracks  
  16  0:50  SCV  
  16  0:54  Refinery  
  17  1:02  SCV  
  18  1:15  SCV  
  19  1:31  Reaper, Orbital Command  
  20  1:35  Factory  
  20  1:46  Supply Depot  
  20  1:56  SCV  
  21  2:03  Reaper  
  22  2:08  SCV  
  23  2:19  Hellion  
  23  2:21  SCV  
  26  2:30  Command Center  
  26  2:33  SCV  
  27  2:37  Barracks Reactor  
  27  2:44  Starport  
  27  2:47  SCV  
  28  2:51  Supply Depot  
  28  2:55  Factory Tech Lab  
  28  2:59  SCV  
  29  3:11  SCV  
  30  3:14  Siege Tank  
  30  3:15  Marine  
  30  3:16  Marine  
  35  3:24  Medivac  
  35  3:25  SCV  
  37  3:33  Marine  
  38  3:34  Marine  
  39  3:42  SCV  
  39  3:43  Orbital Command  
  39  3:48  Cyclone  
  43  3:54  Starport Tech Lab  
  43  3:55  SCV  
  44  3:56  Marine  
  44  3:58  Marine  
  44  4:02  Refinery  
  46  4:07  SCV  
  46  4:09  SCV  
  48  4:13  Supply Depot  
  48  4:14  Marine  
  48  4:15  Marine  
  50  4:19  Raven  
  52  4:24  SCV  
  52  4:25  SCV  
  54  4:33  Marine  
  54  4:34  Marine  
  54  4:36  SCV  
  54  4:37  SCV  
  51  4:40  Siege Tank  
  53  4:49  SCV x2  
  53  4:51  Marine  
  53  4:52  Supply Depot, Marine  
  57  5:01  SCV x2  
  57  5:02  Raven  
  61  5:07  Command Center  
  61  5:11  Marine  
  61  5:13  SCV x2, Marine  
  65  5:16  Supply Depot  
  65  5:22  Refinery  
  65  5:25  Siege Tank  
  65  5:27  SCV  
  65  5:28  SCV  
  70  5:37  Marine x2  
  70  5:39  Supply Depot  
  70  5:40  SCV x2  
  74  5:45  Raven  
  76  5:52  SCV x2  
  78  6:00  Marine x2  
  78  6:01  Siege Tank  
  83  6:05  Barracks  
  83  6:06  SCV x2, Barracks  
  85  6:18  SCV x2  
  86  6:19  Orbital Command  
  87  6:28  Engineering Bay x2  
  87  6:32  SCV x2  
  89  6:37  Stimpack  
  89  6:38  Marine, Siege Tank  
  93  6:43  Supply Depot  
  93  6:44  Viking x2  
  97  6:48  SCV  
  97  6:49  SCV  
  97  6:50  Orbital Command  
  99  6:55  Barracks Reactor x2  
  99  6:58  Marine  
  99  7:00  SCV  
  99  7:01  SCV  
  101  7:06  Supply Depot  
  101  7:07  Terran Infantry Weapons Level 1, Terran Infantry Armor Level 1  
  97  7:15  Viking  
  97  7:16  Viking  
  97  7:17  SCV x3  
  100  7:28  Barracks  
  100  7:29  Barracks  
  101  7:30  SCV x2  
  101  7:31  SCV  
  102  7:44  SCV x3  
  102  7:45  Viking  
  102  7:46  Viking  
  102  7:47  Siege Tank  
  110  7:56  SCV x2  
  110  7:57  SCV  
  109  8:00  Supply Depot  
  109  8:01  Marine x2  
  109  8:02  Armory  
  109  8:03  Marine x3  
  114  8:08  SCV  
  114  8:09  SCV x2  
  113  8:21  Barracks Reactor x2  
  113  8:23  SCV x3  
  115  8:31  Combat Shield  
  115  8:34  Refinery x2  
  115  8:35  SCV x3  
  118  8:41  Marine x4  
  118  8:42  Marine  
  118  8:46  Supply Depot x2  
  118  8:47  SCV x2  
  125  9:00  Supply Depot, Sensor Tower  
  125  9:07  Medivac x2  
  125  9:08  SCV x3  
  132  9:20  SCV x3  
  132  9:21  Marine x6  
  132  9:22  Terran Infantry Armor Level 2, Terran Infantry Weapons Level 2  
  141  9:32  SCV x3  
  141  9:35  Supply Depot  
  141  9:36  Supply Depot  
  141  9:37  Marine x2  
  141  9:38  Siege Tank  
  149  9:47  Terran Vehicle Weapons Level 1  
  149  9:49  Supply Depot x2  
  149  9:56  Marine  
  149  9:57  Medivac x2, Supply Depot  
  154  10:04  Factory  
  154  10:12  Marine x4  
  154  10:13  Marine x3  
  161  10:14  Marine  
  161  10:18  Siege Tank  
  165  10:22  Barracks Reactor  
  165  10:26  Command Center  
  163  10:30  Marine x2  
  164  10:36  Marine x6  
  170  10:47  Command Center  
  170  10:48  Marine x2  
  172  10:53  Marine  
  172  10:54  Marine x4  
  172  10:56  Siege Tank x2  
  176  11:03  Medivac x2  
  180  11:05  Marine x3  
  180  11:06  Marine x2  
  182  11:11  Marine  
  178  11:24  Marine x6  
  184  11:26  Supply Depot  
  184  11:27  Supply Depot  
  184  11:33  Viking x2  
  184  11:39  Marine  
  181  11:41  Marine x4  
  181  11:42  Marine  
  183  11:48  Siege Tank  
  183  11:51  Siege Tank  
  189  11:57  Marine x5  
  189  11:59  Marine  
  164  12:13  Marine x4  
  164  12:14  Marine  
  164  12:15  Marine x4  
  143  12:17  Marine  
Show
View Real Time Build Order
Export as new Build Order

DPGCure Terran - Winner!

Build Orders: Gas First Reaper Expand, Liberator Opening 

Get SALT Encoding   

  12  0:00  SCV  
  13  0:12  SCV  
  14  0:17  Supply Depot  
  14  0:25  SCV  
  14  0:27  Refinery  
  15  0:38  SCV  
  16  0:43  Barracks  
  16  0:50  SCV  
  17  1:02  SCV  
  18  1:14  SCV  
  19  1:29  Orbital Command  
  19  1:30  Reaper  
  20  1:44  Command Center  
  20  1:56  Factory  
  20  1:58  SCV  
  21  2:05  Barracks Reactor  
  21  2:10  SCV  
  21  2:15  Supply Depot  
  22  2:17  Refinery  
  22  2:22  SCV  
  23  2:36  SCV  
  24  2:44  Starport  
  24  2:47  Hellion x2  
  24  2:48  SCV  
  29  2:56  Orbital Command  
  29  3:00  SCV  
  30  3:09  Hellion x2  
  30  3:12  Barracks Tech Lab  
  34  3:14  SCV  
  35  3:26  SCV  
  35  3:29  SCV, Liberator  
  35  3:32  Supply Depot  
  39  3:38  SCV  
  40  3:41  SCV  
  40  3:44  Hellion  
  40  3:45  Hellion  
  45  3:52  SCV  
  45  3:54  SCV, Supply Depot  
  47  4:02  Refinery  
  47  4:04  SCV  
  47  4:05  Hellion  
  47  4:06  SCV, Hellion, Barracks Tech Lab  
  53  4:16  SCV  
  54  4:18  SCV, Raven  
  57  4:28  SCV  
  57  4:30  SCV  
  57  4:40  SCV  
  57  4:41  Marine x2  
  57  4:42  SCV  
  61  4:50  Supply Depot  
  61  4:52  Cyclone  
  64  4:53  SCV  
  64  4:54  SCV  
  64  4:59  Marine x2  
  68  5:01  Raven  
  68  5:03  Supply Depot  
  68  5:05  Command Center  
  68  5:07  Refinery  
  70  5:12  SCV x2  
  72  5:18  Supply Depot  
  72  5:19  Marine  
  72  5:20  Marine  
  74  5:24  SCV x2  
  74  5:25  Siege Tank  
  79  5:30  Supply Depot  
  79  5:36  SCV x2  
  81  5:46  Marine  
  82  5:50  Viking x2  
  82  5:51  Engineering Bay  
  82  5:52  Engineering Bay  
  82  5:53  SCV  
  82  5:55  SCV  
  88  5:59  Siege Tank  
  91  6:05  Marine  
  91  6:06  Stimpack  
  91  6:09  SCV x2  
  94  6:19  Terran Infantry Weapons Level 1, Orbital Command  
  94  6:20  Terran Infantry Armor Level 1  
  94  6:27  Viking x2  
  94  6:28  Marine  
  94  6:30  SCV x2  
  101  6:36  Siege Tank  
  104  6:41  Orbital Command  
  104  6:44  SCV x2  
  106  6:48  Barracks  
  106  6:50  Barracks  
  106  6:52  Marine  
  103  6:56  SCV x2  
  103  7:00  Viking x2  
  109  7:04  Supply Depot  
  109  7:05  Supply Depot  
  109  7:08  SCV x3, Siege Tank  
  112  7:10  Marine  
  116  7:23  SCV  
  116  7:26  SCV x2, Supply Depot x2  
  64  7:30  Viking x2  
  119  7:31  Barracks  
  119  7:33  Barracks  
  119  7:35  Barracks Reactor  
  119  7:36  Armory  
  123  7:37  Barracks Reactor, Marine  
  123  7:41  Refinery  
  123  7:42  Refinery, Sensor Tower  
  123  7:43  Supply Depot  
  124  7:49  Siege Tank  
  125  7:53  SCV  
  125  7:54  SCV x2  
  125  7:55  Marine  
  123  7:59  Combat Shield, Supply Depot  
  123  8:00  Supply Depot  
  123  8:06  SCV x3  
  123  8:12  Viking x2  
  130  8:13  Marine  
  130  8:19  Barracks Reactor x2  
  130  8:24  Marine x4  
  134  8:29  Sensor Tower  
  134  8:31  Marine  
  134  8:33  Terran Infantry Weapons Level 2  
  132  8:34  Command Center  
  132  8:42  Marine x3  
  132  8:43  Marine  
  132  8:46  Terran Infantry Armor Level 2  
  136  8:49  Marine  
  137  8:57  Medivac x2, Marine x4  
  137  9:00  Marine x3  
  137  9:01  Supply Depot x2, Marine  
  137  9:02  Supply Depot  
  149  9:05  Siege Tank  
  149  9:06  Marine  
  149  9:20  Marine x8  
  157  9:32  Medivac  
  157  9:34  Viking  
  157  9:36  Factory  
  157  9:37  Marine x2, Siege Tank  
  157  9:38  Marine x6  
  170  9:44  Barracks  
  170  9:45  Barracks Reactor, Barracks  
  172  9:49  Barracks  
  172  9:55  Marine x4  
  172  9:56  Marine x3  
  179  10:02  Marine  
  179  10:03  Viking  
  179  10:04  Medivac  
  183  10:13  Marine x6  
  189  10:14  Marine, Siege Tank  
  189  10:16  Terran Vehicle Weapons Level 1  
  189  10:19  Marine  
  189  10:20  Missile Turret  
  192  10:31  Marine x5  
  192  10:35  Refinery  
  196  10:36  Sensor Tower  
  196  10:38  Marine x4  
  196  10:39  Refinery, Marine  
  199  10:55  Marine x2  
  199  10:56  Marine  
  200  10:59  Planetary Fortress  
  200  11:10  Barracks Reactor, Marine x4  
  200  11:11  Barracks Reactor x2  
  199  11:22  Command Center  
  189  11:49  Marine x6  
  189  11:50  Marine x8  
  189  11:51  Siege Tank x2  
  199  11:58  Marine x2  
  196  12:07  Marine x2  
  198  12:11  Marine x3  
Tags
 
Add a new tag
Caveats
  • Supply blocks, unpowered buildings, or Contaminate may cause inaccurate times.
  • Supply counts are checked every 10 seconds.